 Dungeon Crawl Stone Soup version 0.28-a0-1510-gd0f6b136d3 (webtiles) character file.

Game seed: 7773751771205221934

293 Shayle the Ducker (level 6, -2/46 HPs)
             Began as a Djinni Warper on Jan 15, 2022.
             Slain by a hornet (10 damage)
             ... on level 6 of the Dungeon.
             The game lasted 00:15:30 (7471 turns).

Shayle the Ducker (Djinni Warper)                   Turns: 7471, Time: 00:15:31

Health: -2/46      AC:  8    Str: 10    XL:     6   Next: 60%
Gold:   163        EV: 12    Int: 16    God:
                   SH:  0    Dex: 13

rFire   + + .      SeeInvis .   d - +1 hand axe (vamp)
rCold   x . .      Faith    .   (no shield)
rNeg    . . .      Spirit   .   a - +0 leather armour
rPois   ∞          Reflect  .   j - +1 helmet
rElec   .          Harm     .   (no cloak)
rCorr   .          Rampage  .   h - +2 pair of gloves
Will    .....                   (boots unavailable)
Stlth   +.........              (no amulet)
HPRegen 0.15/turn               (no ring)
MPRegen 0.00/turn               (no ring)

@: flying, very slightly contaminated
A: sickness immunity, fire resistance 2, cold vulnerability 1, float, innate
caster, hp casting, extra vitality 1
a: no special abilities


You were on level 6 of the Dungeon.
You visited 2 branches of the dungeon, and saw 7 of its levels.

You collected 163 gold pieces.

Inventory:

Hand Weapons
 d - a +1 vampiric hand axe (weapon)
Missiles
 c - a boomerang of dispersal
 n - 16 poisoned darts (quivered)
Armour
 a - a +0 leather armour (worn)
 h - a +2 pair of gloves (worn)
 j - a +1 helmet (worn)
Jewellery
 p - a ring of fire
Wands
 q - a wand of flame (26)
Scrolls
 b - a scroll of blinking
 f - a scroll of noise {unknown}
 g - 2 scrolls of amnesia {unknown}
 l - a scroll of enchant weapon
 m - a scroll of vulnerability
 o - a scroll of teleportation
Potions
 e - a potion of curing
 i - 2 potions of lignification
 k - 2 potions of attraction {unknown}


   Skills:
 + Level 3.3 Fighting
 - Level 0.7 Throwing
 + Level 2.7 Armour
 + Level 3.6 Dodging
 + Level 3.2 Unarmed Combat
 + Level 3.2 Spellcasting


You couldn't memorise any spells.
You knew the following spells:

 Your Spells              Type           Power      Damage    Failure   Level
a - Blink                 Tloc           24%        N/A       10%         2
b - Lesser Beckoning      Tloc           12%        N/A       19%         3
c - Gell's Gravitas       Tloc           12%        N/A       19%         3
d - Teleport Other        Tloc           12%        N/A       19%         3
e - Manifold Assault      Tloc           12%        N/A       87%         5
f - Pain                  Necr           48%        1d6       6%          1
g - Ensorcelled Hibernat  Hex/Ice        24%        N/A       10%         2
Your spell library was empty.

Dungeon Overview and Level Annotations

Branches:
Dungeon (6/15)             Temple (1/1) D:4

Altars:
Dithmenos
Elyvilon
Gozag
Kikubaaqudgha
Makhleb
Okawaru
Qazlal
Ru
Sif Muna
Trog
Uskayaw
Vehumet
Wu Jian
Xom
The Shining One

Annotations:
D:4 Crazy Yiuf


Innate Abilities, Weirdness & Mutations

You are immune to sickness and miasma.
You are immune to poison.
Your flesh is very heat resistant. (rF++)
You are vulnerable to cold. (rC-)
You float through the air rather than walking.
You learn spells naturally, not from books.
Your magical power is your life essence.
You have superior vitality. (+4 MHP)


Message History

Press: ? - help, Shift-Dir - straight line, f/p - hornet
Aim: a hornet (chance to affect: 42%)
The hornet resists with some effort.
Casting: Teleport Other (dangerous; 19% risk of failure)
Confirm with . or Enter, or press ? or * to list all spells.
Aiming: Teleport Other (dangerous; 19% risk of failure)
Press: ? - help, Shift-Dir - straight line, f/p - hornet
Aim: a hornet (chance to affect: 42%)
You miscast Teleport Other.
Nothing appears to happen.
Casting: Teleport Other (dangerous; 19% risk of failure)
Confirm with . or Enter, or press ? or * to list all spells.
Aiming: Teleport Other (dangerous; 19% risk of failure)
Press: ? - help, Shift-Dir - straight line, f/p - hornet
Aim: a hornet (chance to affect: 42%)
The hornet looks slightly unstable.
The hornet barely misses you. x2
You slash the hornet!
You feel better.
The hornet is moderately wounded.
The hornet disappears!
The hornet reappears nearby!
Casting: Teleport Other (dangerous; 19% risk of failure)
Confirm with . or Enter, or press ? or * to list all spells.
Aiming: Teleport Other (dangerous; 19% risk of failure)
Press: ? - help, Shift-Dir - straight line, f/p - hornet
Aim: a hornet (lightly wounded, chance to affect: 42%)
You miscast Teleport Other.
Nothing appears to happen.
Casting: Teleport Other (dangerous; 19% risk of failure)
Confirm with . or Enter, or press ? or * to list all spells.
Aiming: Teleport Other (dangerous; 19% risk of failure)
Press: ? - help, Shift-Dir - straight line, f/p - hornet
Aim: a hornet (lightly wounded, chance to affect: 42%)
The hornet resists with some effort.
The hornet stings you. The hornet stings you!
Casting: Teleport Other (dangerous; 19% risk of failure)
Confirm with . or Enter, or press ? or * to list all spells.
Aiming: Teleport Other (dangerous; 19% risk of failure)
Press: ? - help, Shift-Dir - straight line, f/p - hornet
Aim: a hornet (lightly wounded, chance to affect: 42%)
The hornet looks slightly unstable.
The hornet stings you!
* * * LOW HITPOINT WARNING * * *
The hornet stings you!
You die...

#.... ##..#$ .....
....########### #
....##.......# ...
#.#.##.......#
..#.!#.#.##........
[......y@..........
.........##........
##.?.....##<......#
.........##.......#
##.#.(#.###########
# ##.#.# ....#
.###.#


You could see a hornet.

Vanquished Creatures
  3 orc priests
  A bullfrog skeleton (D:4)
  An iguana (D:3)
  Robin (D:3)
  A gnoll (D:5)
  4 adders
  A dart slug (D:1)
  6 orcs
  11 ball pythons
  4 endoplasms
  2 giant cockroaches
  13 goblins
  10 hobgoblins
  5 jackals
  7 kobolds
  4 quokkas
  2 bats (D:1)
  A frilled lizard (D:1)
  6 rats
83 creatures vanquished.

Vanquished Creatures (collateral kills)
  An orc (D:3)
  A bat (D:3)
  A rat (D:3)
3 creatures vanquished.

Grand Total: 86 creatures vanquished

Notes
Turn   | Place    | Note
-------+----------+-------------------------------------------
     0 | D:1      | Shayle the Djinni Warper began the quest for the Orb.
     0 | D:1      | Reached XP level 1. HP: 18/18 MP: 0/0
   366 | D:1      | Reached XP level 2. HP: 21/23 MP: 0/0
  1088 | D:1      | Reached XP level 3. HP: 26/28 MP: 0/0
  1088 | D:1      | Learned a level 1 spell: Pain
  2759 | D:2      | Reached XP level 4. HP: 30/34 MP: 0/0
  3030 | D:2      | Found a faded altar of an unknown god.
  4139 | D:4      | Noticed an ogre
  4159 | D:4      | Noticed Robin
  4378 | D:3      | Killed Robin
  4379 | D:3      | Reached XP level 5. HP: 20/40 MP: 0/0
  4379 | D:3      | Learned a level 2 spell: Ensorcelled Hibernation
  5457 | D:4      | Reached XP level 6. HP: 39/46 MP: 0/0
  6085 | D:4      | Found a staircase to the Ecumenical Temple.
  6090 | Temple   | Entered the Ecumenical Temple
  6266 | D:4      | Noticed a necrophage
  6600 | D:4      | Found a runed translucent door.
  6601 | D:4      | Noticed Crazy Yiuf
  6794 | D:4      | HP: 1/46 [Crazy Yiuf (9)]
  6831 | D:5      | Entered Level 5 of the Dungeon
  7460 | D:6      | Noticed a hornet
  7471 | D:6      | Slain by a hornet

Illustrated notes

Levels and vault maps discovered:
D:1:      matt_arrival_los_fun, layout_rooms
D:2:      layout_basic, basic_ecumenical_altar, chequers_mini_garden
D:3:      layout_rooms, mainiacjoe_overflow_brackets, vehumet_altar_wand_db,
          kennysheep_generic_room_12
D:4:      layout_loops_ring, temple_doors_e, uniq_robin, uniq_crazy_yiuf_cottage
D:5:      layout_rooms, mainiacjoe_overflow_tiny_flanked, st_stairs_7,
          nicolae_elevator_lobby_plus, uniq_sigmund
D:6:      layout_loops_cross, ebering_ghost_xom
Temple:   dshaligram_water_room_temple

Skill      XL: |  1  2  3  4  5 |
---------------+----------------+-----
Dodging        | 3 |  3.6
Armour         | 2 |  2.7
Fighting       | 3 |  3.3
Spellcasting   | 3 |  3.2
Unarmed Combat | 3 |  3.2
Throwing       | |  0.7

Action                   |  1- 3 |  4- 6 || total
-------------------------+-------+-------++-------
Melee: Unarmed           |   106 |    19 ||   125
       Punch             |     1 |     5 ||     6
       Hand axe          |       |    71 ||    71
Throw: Boomerang         |     4 |       ||     4
       Dart              |       |     9 ||     9
 Cast: Pain              |    50 |    77 ||   127
       Blink             |     2 |     1 ||     3
       Teleport Other    |       |     7 ||     7
       Ensorcelled Hiber |       |     4 ||     4
  Use: Scroll            |     1 |    11 ||    12
       Potion            |       |     2 ||     2
 Stab: Sleeping          |     1 |     2 ||     3
Armor: Leather armour    |    47 |    63 ||   110
Dodge: Dodged            |    76 |   112 ||   188

Table legend: (Time is in decaauts)
 A = Elapsed time spent in this place.
 B = Non-inter-level travel time spent in this place.
 C = Inter-level travel time spent in this place.
 D = Time resting spent in this place.
 E = Time spent auto-exploring this place.
 F = Levels seen in this place.
 G = Mean time per level.
                   A        B        C        D        E       F      G
               +--------+--------+--------+--------+--------+-----+--------+
         Total |   7503 |   7441 |     62 |   2781 |   3369 |   7 | 1071.9 |
       Dungeon |   7409 |   7347 |     62 |   2781 |   3309 |   6 | 1234.8 |
        Temple |     94 |     94 |      0 |      0 |     60 |   1 |   94.0 |
               +--------+--------+--------+--------+--------+-----+--------+

Top non-repeatable levels by time:
     D:3: 2093 daAuts
     D:1: 1838 daAuts
     D:2: 1787 daAuts
     D:4: 1041 daAuts
     D:5: 380 daAuts
     D:6: 268 daAuts
  Temple: 94 daAuts
